 Dungeon Crawl Stone Soup version 0.26-a0-639-g72c4674329 (webtiles) character file.

Game seed: 12426952921090728578

40371 isidore the Severer (level 13, 0/107 HPs)
             Began as a Minotaur Fighter on Sept 24, 2020.
             Was a High Priest of Hepliaklqana.
             Killed by Olgreb's Toxic Radiance
             ... invoked by a naga ritualist
              (1 damage)
             ... on level 2 of the Snake Pit.
             The game lasted 01:52:20 (19234 turns).

isidore the Severer (Minotaur Fighter)             Turns: 19234, Time: 01:52:21

Health: 0/107      AC: 23    Str: 21    XL:     13   Next: 74%
Magic:  0/12       EV:  7    Int:  9    God:    Hepliaklqana [*****.]
Gold:   748        SH: 15    Dex: 11    Spells: 12/12 levels left

rFire    . . .     SeeInvis +   a - +4 war axe
rCold    . . .     Faith    .   c - +2 kite shield
rNeg     . . .     Spirit   +   o - +2 plate armour
rPois    .         Reflect  .   (helmet restricted)
rElec    .         Harm     .   (no cloak)
rCorr    .         Rampage  .   F - +2 pair of gloves
MR       +....                  (no boots)
Stlth    ..........             l - amulet of guardian spirit
HPRegen  0.27/turn              D - ring of flight
MPRegen  0.13/turn              A - ring of see invisible

@: lethally poisoned (0 -> -21), about to teleport, hasted, very quick
A: retaliatory headbutt, reduced essence, hooves 1, horns 2, slimy green scales
1, magic resistance 1
a: Ancestor Life: Knight, Ancestor Life: Battlemage, Ancestor Life: Hexer,
Recall Ancestor, Ancestor Identity, Transference, Idealise, Renounce Religion,
Evoke Flight


You were on level 2 of the Snake Pit.
You worshipped Hepliaklqana.
Hepliaklqana was extremely pleased with you.
You visited 4 branches of the dungeon, and saw 17 of its levels.

You collected 1121 gold pieces.
You spent 373 gold pieces at shops.

Inventory:

Hand Weapons
 a - a +4 war axe (weapon)
 f - a +2 halberd of flaming
 K - a +0 morningstar of flaming
Armour
 c - a +2 kite shield (worn)
 o - a +2 plate armour (worn)
 F - a +2 pair of gloves (worn)
Jewellery
 l - an amulet of guardian spirit (around neck)
 p - an uncursed ring of positive energy
 A - a ring of see invisible (right hand)
 B - an uncursed amulet of reflection {unknown}
 D - a ring of flight (left hand)
 G - a cursed amulet of regeneration {unknown}
 M - an uncursed ring of protection from magic {unknown}
 N - an uncursed ring of protection from magic {unknown}
 S - an uncursed amulet of reflection {unknown}
Wands
 j - a wand of random effects (15)
 r - a wand of digging (22)
 H - a wand of enslavement (17)
 Q - a wand of paralysis (3)
 T - a wand of polymorph (18)
Scrolls
 b - a scroll of blinking
 d - a scroll of fog {unknown}
 h - a scroll of vulnerability
 k - 8 scrolls of amnesia
 m - 6 scrolls of teleportation
 t - a scroll of random uselessness
 u - 12 scrolls of remove curse
 w - a scroll of brand weapon {unknown}
 y - 2 scrolls of fear
 E - 2 scrolls of silence
 J - 3 scrolls of magic mapping
 O - 2 scrolls of identify
 R - 2 scrolls of enchant armour
Potions
 e - 2 potions of stabbing
 g - 4 potions of brilliance
 i - a potion of haste
 n - 2 potions of mutation
 s - 2 potions of flight
 v - 5 potions of magic
 x - a potion of invisibility
 I - a potion of experience
 L - 2 potions of might
 P - 2 potions of heal wounds


   Skills:
 + Level 12.5 Fighting
 + Level 16.3 Axes
 + Level 13.3 Armour
 + Level 2.1 Dodging
 + Level 1.4 Stealth
 + Level 13.4 Shields
 + Level 3.5 Evocations


You had 12 spell levels left.
You didn't know any spells.
Your spell library contained the following spells:

 Spells                   Type           Power        Failure   Level
 Animate Skeleton         Necr           #.....       99%         1
 Apportation              Tloc           #.....       99%         1
 Corona                   Hex            #......      99%         1
 Freeze                   Ice            #...         99%         1
 Magic Dart               Conj           #...         99%         1
 Shock                    Conj/Air       #...         99%         1
 Sting                    Tmut/Pois      #...         99%         1
 Summon Small Mammal      Summ           #...         99%         1
 Blink                    Tloc           N/A          100%        2
 Call Imp                 Summ           #.......     100%        2
 Ensorcelled Hibernation  Hex/Ice        #.....       100%        2
 Slow                     Hex            #.......     100%        2
 Confusing Touch          Hex            #.......     100%        3
 Conjure Flame            Conj/Fire      #.......     100%        3
 Dazzling Flash           Conj/Hex       #.....       100%        3
 Frozen Ramparts          Ice            #.....       100%        3
 Mephitic Cloud           Conj/Pois/Air  #.......     100%        3
 Ozocubu's Armour         Ice            #.......     100%        3
 Static Discharge         Conj/Air       #.......     100%        3
 Tukima's Dance           Hex            #.......     100%        3
 Cause Fear               Hex            #.........   100%        4
 Hailstorm                Conj/Ice       #.......     100%        4
 Summon Ice Beast         Ice/Summ       #.......     100%        4
 Lightning Bolt           Conj/Air       #.........   100%        5
 Silence                  Hex/Air        #.........   100%        5
 Yara's Violent Unravell  Hex/Tmut       #.........   100%        5
 Discord                  Hex            #.........   100%        8
 Tornado                  Air            #.........   100%        9


Dungeon Overview and Level Annotations

Branches:
Dungeon (11/15)            Temple (0/1) D:7            Lair (3/6) D:11
  Snake (2/4) Lair:3          Orc (1/2) D:10
  Swamp: Lair:2-4    Shoals: Lair:2-4

Altars:
Elyvilon
Gozag
Hepliaklqana
Kikubaaqudgha
Makhleb
Qazlal
Wu Jian
Yredelemnul
Zin

Shops:
D:4 [   D:5 *   D:9 ?   D:10 ?

Annotations:
Lair:3 exclusion: 4 oklob plants


Innate Abilities, Weirdness & Mutations

You reflexively headbutt those who attack you in melee.
You have a pair of horns on your head.
Your life essence is reduced to manifest your ancestor. (-10% HP)
You have large cloven feet.
You are partially covered in slimy green scales. (AC +2)
You are resistant to hostile enchantments. (MR+)


Message History

You slice the mana viper!! Your kick misses the mana viper.
The mana viper is severely wounded.
* * * LOW HITPOINT WARNING * * *
You feel sick.
* * * LOW HITPOINT WARNING * * *
You are more poisoned.
The mana viper barely misses you.
You slash the mana viper!
You kill the mana viper!
* * * LOW HITPOINT WARNING * * *
You feel sick.
As you read the scroll of teleportation, it crumbles to dust.
You feel strangely unstable.
* * * LOW HITPOINT WARNING * * *
You feel sick.
* * * LOW HITPOINT WARNING * * *
You are more poisoned.
* * * LOW HITPOINT WARNING * * *
You feel sick.
You die...

...#.............###
........R........# #
######..###...#....#
.........##...#.....
###...##..#...#.....
###... ##.#####.....
#...## #.# ####..
#.##...# #.## ..
#.....@#####((#
.........R.)(#.#
...........).#.#
.......<.....#.#
#.....###N#†##..
#####. #.#.###. ..
#..># ^. ... #...#
.. #. #..[.


You could see the friendly Senakhtenre the ancestor and a naga ritualist (toxic
aura, catching breath).

Vanquished Creatures
  Donald (Snake:1)
  Snorg (D:10)
  Harold (D:10)
  A naga warrior (Snake:2)
  A two-headed ogre (D:11)
  A centaur warrior (D:10)
  3 anacondas
  Urug (D:10)
  A shock serpent (Snake:1)
  3 naga sharpshooters
  3 skeletal warriors (D:11)
  Pikel (D:8)
  4 mana vipers
  A deep elf mage (D:10)
  A salamander (Snake:1)
  A cyclops (D:7)
  Joseph (D:8)
  10 black mambas
  A guardian serpent (Lair:3)
  4 elephants (Lair:3)
  A cane toad (Lair:1)
  A naga mage (Snake:1)
  A rime drake (Lair:3)
  Maggie (D:9)
  3 komodo dragons
  A tengu conjurer (D:10)
  A polar bear (Lair:3)
  Grinder (D:5)
  7 hippogriffs
  A wraith (D:10)
  20 yaks
  A basilisk (D:11)
  12 nagas
  10 porcupines
  5 water moccasins
  5 sky beasts
  2 black bears
  4 orc warriors
  An ice beast (D:5)
  3 phantoms
  2 eyes of draining
  7 ogres
  8 wolves
  8 crocodiles
  12 centaurs
  3 lemures (D:8)
  A big kobold (D:10)
  3 bullfrogs
  A wyvern zombie (D:11)
  3 scorpions (D:10)
  A water moccasin skeleton (D:7)
  3 howler monkeys
  A bullfrog zombie (D:7)
  A bullfrog skeleton (D:3)
  Crazy Yiuf (D:7)
  7 hounds
  4 orc priests
  2 jellies
  Ijyb (D:3)
  2 iguanas
  11 orc wizards
  5 worker ants
  A killer bee zombie (D:10)
  A hound zombie (D:11)
  2 hound skeletons
  2 howler monkey zombies (D:7)
  A worker ant zombie (D:6)
  13 gnolls
  16 adders
  A howler monkey skeleton (D:7)
  2 shadow imps
  3 white imps
  2 ufetubi
  An adder zombie (D:7)
  2 dart slugs (D:1)
  5 leopard geckos
  39 orcs
  A ball python (D:8)
  5 bats
  7 giant cockroaches
  14 goblins
  15 hobgoblins
  6 jackals
  5 quokkas
  4 frilled lizards
  10 kobolds
  11 rats
  A bush (Lair:1)
379 creatures vanquished.

Vanquished Creatures (collateral kills)
  Erolcha (D:9)
  A black mamba (Snake:2)
  A cane toad (Lair:1)
  A centaur skeleton (D:10)
  A rime drake (Lair:2)
  2 hippogriffs
  4 yaks
  2 nagas (Snake:1)
  A water moccasin (Lair:3)
  A porcupine (Lair:1)
  A phantom (D:10)
  A wolf (Lair:1)
  A necrophage (D:11)
  A centaur (D:7)
  5 bullfrogs
  A scorpion (D:4)
  A quasit (D:8)
  A bullfrog zombie (D:8)
  An orc wizard (D:11)
  A bullfrog skeleton (D:5)
  2 orc priests
  A hound (D:9)
  2 gnoll shamans (D:5)
  An iguana (D:11)
  A worker ant (D:9)
  A howler monkey zombie (D:9)
  An adder (D:7)
  A white imp (D:5)
  An ufetubus (D:8)
  A leopard gecko (D:6)
  5 orcs
  A goblin (D:3)
  A hobgoblin (D:3)
  2 jackals
  2 kobolds
  A bat (D:3)
  A frilled lizard (D:3)
54 creatures vanquished.

Vanquished Creatures (others)
  9 ancestors
  A bush (D:11)
  26 fungi
  39 plants
75 creatures vanquished.

Grand Total: 508 creatures vanquished

Notes
Turn   | Place    | Note
-------+----------+-------------------------------------------
     0 | D:1      | isidore the Minotaur Fighter began the quest for the Orb.
     0 | D:1      | Reached XP level 1. HP: 19/19 MP: 0/0
   261 | D:1      | Reached XP level 2. HP: 27/27 MP: 1/1
   380 | D:1      | Reached XP level 3. HP: 34/34 MP: 2/2
  1136 | D:2      | Found a glowing silver altar of Zin.
  1375 | D:2      | Reached skill level 3 in Axes
  1375 | D:2      | Reached XP level 4. HP: 37/41 MP: 3/3
  2111 | D:3      | Found a stormy altar of Qazlal.
  2159 | D:3      | Found a hazy altar of Hepliaklqana.
  2172 | D:3      | Became a worshipper of Hepliaklqana the Forgotten
  2326 | D:3      | Reached XP level 5. HP: 42/42 MP: 4/4
  2517 | D:3      | Noticed Ijyb
  2535 | D:3      | Killed Ijyb
  2535 | D:3      | Reached skill level 4 in Axes
  2628 | D:3      | Reached skill level 5 in Shields
  2739 | D:3      | Reached skill level 5 in Armour
  3133 | D:4      | Reached * piety under Hepliaklqana
  3255 | D:4      | Reached skill level 5 in Fighting
  3255 | D:4      | Reached XP level 6. HP: 50/50 MP: 5/5
  3306 | D:4      | Found Neruip's Armour Shop.
  3654 | D:5      | Entered Level 5 of the Dungeon
  3668 | D:5      | Noticed Grinder
  3678 | D:5      | Paralysed by Grinder for 4 turns
  3680 | D:5      | Reached skill level 5 in Axes
  3688 | D:5      | Paralysed by Grinder for 2 turns
  3695 | D:5      | Paralysed by Grinder for 6 turns
  3705 | D:5      | Killed Grinder
  3705 | D:5      | Reached XP level 7. HP: 44/54 MP: 4/6
  3804 | D:5      | Got a steaming mace
  3889 | D:5      | Reached skill level 6 in Axes
  3991 | D:5      | Found Keud Aja's General Store.
  4251 | D:5      | Reached skill level 7 in Axes
  4582 | D:5      | Reached XP level 8. HP: 63/63 MP: 7/7
  4969 | D:6      | Reached skill level 8 in Axes
  5209 | D:6      | Reached ** piety under Hepliaklqana
  5860 | D:7      | Found a basalt altar of Yredelemnul.
  5927 | D:7      | Reached skill level 9 in Axes
  5982 | D:7      | Reached skill level 1 in Dodging
  6013 | D:7      | Noticed a cyclops
  6021 | D:7      | Killed a cyclops
  6021 | D:7      | Reached XP level 9. HP: 24/71 MP: 4/8
  6361 | D:7      | Found a staircase to the Ecumenical Temple.
  6408 | D:7      | Reached skill level 10 in Axes
  6619 | D:7      | Found an ancient bone altar of Kikubaaqudgha.
  6675 | D:7      | Found a runed translucent door.
  6676 | D:7      | Noticed Crazy Yiuf
  6683 | D:7      | Killed Crazy Yiuf
  6812 | D:7      | Found a white marble altar of Elyvilon.
  7678 | D:8      | Noticed Pikel
  7696 | D:8      | Killed Pikel
  7696 | D:8      | Reached skill level 11 in Axes
  7696 | D:8      | Reached XP level 10. HP: 15/81 MP: 1/9
  8238 | D:8      | Noticed Joseph
  8251 | D:8      | Killed Joseph
  8610 | D:8      | Found an ornate altar of the Wu Jian Council.
  8685 | D:9      | Found an ancient bone altar of Kikubaaqudgha.
  8696 | D:9      | Reached *** piety under Hepliaklqana
  8791 | D:9      | Found Merr's Magic Scroll Shoppe.
  8799 | D:9      | Bought a scroll of identify for 26 gold pieces
  8799 | D:9      | Bought a scroll of enchant armour for 97 gold pieces
  8822 | D:9      | Noticed Maggie
  8850 | D:9      | Killed Maggie
  9103 | D:9      | Identified the Catalogue of Gliding Toxins
  9194 | D:9      | Found an opulent altar of Gozag.
  9261 | D:9      | Found a burning altar of Makhleb.
  9424 | D:9      | Noticed Erolcha
  9476 | D:9      | Killed Erolcha
  9476 | D:9      | Reached skill level 12 in Axes
  9476 | D:9      | Reached skill level 1 in Evocations
 10036 | D:10     | Entered Level 10 of the Dungeon
 10040 | D:10     | Reached skill level 10 in Armour
 10061 | D:10     | Found Vuleren's Magic Scroll Shoppe.
 10066 | D:10     | Noticed Urug
 10238 | D:10     | Noticed a deep elf mage
 10243 | D:10     | Noticed a centaur warrior
 10248 | D:10     | Killed a deep elf mage
 10265 | D:10     | Reached XP level 11. HP: 9/89 MP: 0/10
 10268 | D:10     | Killed a centaur warrior
 10307 | D:10     | Gained mutation: You are resistant to hostile enchantments.
                  | (MR+) [potion of mutation]
 10307 | D:10     | Gained mutation: You have large cloven feet. [potion of
                  | mutation]
 10307 | D:10     | Gained mutation: You are partially covered in slimy green
                  | scales. (AC +2) [potion of mutation]
 10689 | D:10     | Noticed Harold
 10710 | D:10     | Killed Harold
 10996 | D:10     | Found a staircase to the Orcish Mines.
 11030 | D:10     | Noticed Snorg
 11041 | D:10     | Killed Snorg
 11041 | D:10     | Reached skill level 10 in Fighting
 11080 | D:10     | Reached skill level 13 in Axes
 11090 | D:10     | Reached skill level 10 in Shields
 11437 | D:10     | Killed Urug
 11470 | D:10     | Bought a scroll of identify for 20 gold pieces
 11470 | D:10     | Bought a scroll of identify for 20 gold pieces
 11470 | D:10     | Bought a scroll of enchant weapon for 75 gold pieces
 11470 | D:10     | Bought a scroll of identify for 20 gold pieces
 11470 | D:10     | Bought a scroll of identify for 20 gold pieces
 11470 | D:10     | Bought a scroll of identify for 20 gold pieces
 11470 | D:10     | Bought a scroll of enchant armour for 75 gold pieces
 11846 | Orc:1    | Entered Level 1 of the Orcish Mines
 11846 | Orc:1    | Reached **** piety under Hepliaklqana
 11846 | Orc:1    | Noticed an orc sorcerer
 12008 | D:11     | Reached skill level 1 in Stealth
 12077 | D:11     | Got a slimy jade ring
 12078 | D:11     | Identified the ring of Zakatrip {rElec rN+++ MR+ Str-2
                  | Int-2} (You found it on level 11 of the Dungeon)
 12152 | D:11     | Reached skill level 14 in Axes
 12200 | D:11     | Noticed a skeletal warrior
 12217 | D:11     | Killed a skeletal warrior
 12218 | D:11     | Noticed a skeletal warrior
 12218 | D:11     | Noticed a skeletal warrior
 12586 | D:11     | Killed a skeletal warrior
 12588 | D:11     | Killed a skeletal warrior
 12588 | D:11     | Reached XP level 12. HP: 15/96 MP: 2/11
 13105 | D:11     | Found a staircase to the Lair.
 13369 | D:11     | Noticed a two-headed ogre
 13376 | D:11     | Killed a two-headed ogre
 13853 | Lair:1   | Entered Level 1 of the Lair of Beasts
 13930 | Lair:1   | Reached skill level 15 in Axes
 15054 | Lair:2   | Reached ***** piety under Hepliaklqana
 16008 | Lair:3   | Found a staircase to the Snake Pit.
 16143 | Lair:3   | Reached XP level 13. HP: 72/104 MP: 10/12
 16748 | Snake:1  | Entered Level 1 of the Snake Pit
 16867 | Snake:1  | Reached skill level 16 in Axes
 16872 | Snake:1  | Noticed Donald
 16896 | Snake:1  | HP: 5/105 [Donald/+3 scimitar of freezing (4)]
 16898 | Snake:1  | Killed Donald
 19233 | Snake:2  | HP: 5/107 [poisoned by a naga ritualist (toxic radiance)]
 19233 | Snake:2  | HP: 2/107 [naga ritualist/Olgreb's Toxic Radiance (3)]
 19234 | Snake:2  | Killed from afar by a naga ritualist

Illustrated notes

Levels and vault maps discovered:
D:1:      evilmike_arrival_crescent, layout_basic
D:2:      layout_basic, overflow_temple_1_default
D:3:      layout_loops_corners, nicolae_qazlal_eye_of_the_storm,
          old_standard_altar, uniq_ijyb
D:4:      kennysheep_the_goblin_king, layout_basic, serial_shops, shop
D:5:      layout_cave_pods, serial_shops,
          nicolae_shop_competitors_out_of_business, uniq_grinder
D:6:      layout_gridville
D:7:      layout_loops_corners, kennysheep_mini_moat,
          minmay_temple_entry_enclosed_plants, basic_altar, serial_park_tiny_2,
          lemuel_centaur_altar, uniq_crazy_yiuf_cottage
D:8:      layout_cave_pools, marbit_many_paths, grunt_ministairs_10,
          uniq_joseph, uniq_pikel
D:9:      layout_basic, grunt_gozag_breadcrumbs, makhleb_heckhound_becter,
          kennysheep_little_box, serial_shops, nicolae_shop_stone, uniq_erolcha,
          uniq_maggie
D:10:     minmay_bloctagon, layout_long_grid, serial_shops,
          nicolae_shop_temple_entry_statues_fountains, uniq_urug, uniq_harold,
          uniq_snorg
D:11:     layout_gridville, minmay_lair_entry_grove, minmay_orc_keep
Lair:1:   layout_chaotic_city, serial_forest, infiniplex_forest_end_2,
          infiniplex_forest_clump_small, infiniplex_forest_lined_corner,
          infiniplex_forest_diagonal, infiniplex_forest_straight_2
Lair:2:   layout_cave_shapes, serial_bayou_pond_a
Lair:3:   layout_concentric_octagons, minmay_snake_entry_spellcaster,
          minmay_lair_oklob_chamber
Snake:1:  layout_misc_corridors, uniq_donald
Snake:2:  layout_misc_corridors
Orc:1:    layout_diamond_mine

Skill      XL: |  1  2  3  4  5  6  7  8  9 10 11 12 13 |
---------------+----------------------------------------+-----
Fighting       | 4 5 7 8 9 10 11 12 | 12.5
Shields        | 4 5 6 8 9 10 11 13 | 13.4
Armour         | 4 5 6 7 8 10 11 12 13 | 13.3
Axes           | 3 4 5 7 9 11 12 14 15 16 | 16.3
Dodging        | 1 2 |  2.1
Evocations     | 1 3 |  3.5
Stealth        | 1 |  1.4

Action                   |  1- 3 |  4- 6 |  7- 9 | 10-12 | 13-15 || total
-------------------------+-------+-------+-------+-------+-------++-------
Melee: War axe           |    98 |   141 |   282 |   647 |   269 ||  1437
       Headbutt          |    10 |    12 |    62 |   144 |    55 ||   283
       Kick              |       |       |       |   155 |    75 ||   230
Evoke: Wand              |       |       |       |    48 |     1 ||    49
  Use: Scroll            |     2 |     1 |     6 |    28 |     2 ||    39
       Potion            |       |       |     9 |    13 |     7 ||    29
 Stab: Distracted        |       |       |     1 |     2 |     1 ||     4
Armor: Scale mail        |    44 |    12 |       |       |       ||    56
       Plate armour      |       |    88 |   129 |   292 |    74 ||   583
       Skin              |       |       |       |    20 |     1 ||    21
Dodge: Dodged            |    34 |    27 |    56 |   125 |    27 ||   269
Block: Kite shield       |    52 |    78 |   164 |   365 |   141 ||   800

Table legend: (Time is in decaauts)
 A = Elapsed time spent in this place.
 B = Non-inter-level travel time spent in this place.
 C = Inter-level travel time spent in this place.
 D = Time resting spent in this place.
 E = Time spent auto-exploring this place.
 F = Levels seen in this place.
 G = Mean time per level.
                   A        B        C        D        E       F      G
               +--------+--------+--------+--------+--------+-----+--------+
         Total |  19130 |  19130 |      0 |   6681 |   7376 |  17 | 1125.3 |
       Dungeon |  13871 |  13871 |      0 |   4645 |   5317 |  11 | 1261.0 |
          Lair |   2845 |   2845 |      0 |    581 |   1426 |   3 |  948.3 |
     Snake Pit |   2412 |   2412 |      0 |   1455 |    633 |   2 | 1206.0 |
  Orcish Mines |      1 |      1 |      0 |      0 |      0 |   1 |    1.0 |
               +--------+--------+--------+--------+--------+-----+--------+

Top non-repeatable levels by time:
    D:11: 1890 daAuts
    D:10: 1871 daAuts
     D:7: 1655 daAuts
 Snake:1: 1653 daAuts
     D:9: 1404 daAuts
  Lair:3: 1306 daAuts
     D:5: 1293 daAuts
     D:8: 1130 daAuts
     D:2: 1070 daAuts
  Lair:1: 1067 daAuts
     D:1: 1058 daAuts
     D:3: 997 daAuts
     D:6: 878 daAuts
 Snake:2: 759 daAuts
     D:4: 620 daAuts
